 Dungeon Crawl Stone Soup version 0.29.0-13-gc9e81de378 (webtiles) character file.

Game seed: 14222577234197449066

100 emagee the Chopper (level 5, -1/41 HPs)
             Began as a Formicid Abyssal Knight on Sept 9, 2022.
             Was a Priest of Lugonu.
             Splashed by a jelly's acid (12 damage)
             ... on level 2 of the Dungeon.
             The game lasted 00:07:08 (2088 turns).

emagee the Chopper (Formicid Abyssal Knight)        Turns: 2088, Time: 00:07:08

Health: -1/41      AC:  1    Str: 20    XL:     5   Next: 3%
Magic:  6/6        EV: 10    Int:  9    God:    Lugonu [***...]
Gold:   67         SH:  0    Dex: 14    Spells: 4/4 levels left

rFire   . . .      SeeInvis +   a - +1 hand axe
rCold   . . .      Faith    .   (no shield)
rNeg    . . .      Spirit   .   c - +0 ring mail
rPois   .          Reflect  .   (helmet unavailable)
rElec   .          Harm     .   (no cloak)
rCorr   .          Rampage  .   (no gloves)
Will    .....                   (no boots)
Stlth   +.........              (no amulet)
HPRegen 0.13/turn               (no ring)
MPRegen 0.10/turn               (no ring)

@: corroded
A: permanent stasis, dig shafts and tunnels, antennae 3, four strong arms
a: Dig, Shaft Self, Renounce Religion, Depart the Abyss, Bend Space, Banish


You were on level 2 of the Dungeon.
You worshipped Lugonu.
Lugonu was most pleased with you.
You visited 1 branch of the dungeon, and saw 2 of its levels.
You visited the Abyss 1 time.

You collected 67 gold pieces.

Inventory:

Hand Weapons
 a - a +1 hand axe (weapon)
Armour
 b - a +0 leather armour
 c - a +0 ring mail (worn)
Wands
 l - a wand of paralysis (4)
 m - a wand of quicksilver (5)
Scrolls
 d - a scroll of enchant weapon {unknown}
 e - 2 scrolls of identify {unknown}
 f - a scroll of blinking {unknown}
 g - a scroll of summoning {unknown}
 h - a scroll of fog {unknown}
 i - 2 scrolls of poison {unknown}
 j - a scroll of teleportation {unknown}


   Skills:
 - Level 3.2 Fighting
 + Level 4.8 Axes
 - Level 2.1 Armour
 - Level 0.8 Dodging
 - Level 2.1 Invocations


You had 4 spell levels left.
You didn't know any spells.
Your spell library contained the following spells:

 Spells                   Type           Power      Damage    Failure   Level
 Freeze                   Ice            0%         1d3       56%         1
 Frozen Ramparts          Ice            0%         1d1       90%         3
 Hailstorm                Conj/Ice       0%         3d3       100%        4


Dungeon Overview and Level Annotations

Branches:
Dungeon (2/15)

Altars:


Innate Abilities, Weirdness & Mutations

You cannot be hasted, slowed, berserked, paralysed or teleported.
You can dig through walls and to a lower floor.
You have a pair of large antennae on your head. (SInv)
Your four strong arms can wield two-handed weapons with a shield.


Message History

An endoplasm comes into view.
The jelly hits you.
You are splashed with acid.
Throw: 3 javelins
Press: ? - help, Shift-Dir - straight line, f/p - jelly
Aim: a jelly (lightly wounded, 89% to hit)
You throw a javelin. The javelin pierces through the jelly.
The jelly is heavily wounded.
The javelin barely misses the jelly.
The javelin pierces through the endoplasm.
The endoplasm is moderately wounded.
The jelly hits you but does no damage.
Throw: 2 javelins
Press: ? - help, Shift-Dir - straight line, f/p - jelly
Aim: a jelly (heavily wounded, 89% to hit)
You throw a javelin. The javelin pierces through the jelly.
The jelly is heavily wounded.
The javelin pierces through the jelly.
The jelly is almost dead.
The javelin barely misses the endoplasm.
The jelly hits you. The acid corrodes you!
You are splashed with acid.
The jelly barely misses you.
Throw: javelin
Press: ? - help, Shift-Dir - straight line, f/p - jelly
Aim: a jelly (heavily wounded, 89% to hit)
You throw a javelin.
The javelin pierces through the jelly but does no damage.
The jelly is heavily wounded.
The javelin pierces through the jelly but does no damage.
The jelly is almost dead.
The javelin barely misses the endoplasm.
The jelly hits you.
You are splashed with acid!
You hit the jelly but do no damage.
Your hands burn!
The jelly is heavily wounded.
The jelly closely misses you.
You hit the jelly but do no damage.
Your hands burn!
The jelly is heavily wounded.
The jelly hits you.
* * * LOW HITPOINT WARNING * * *
You are splashed with acid!
You die...

...............#.#
...###).########.#
.####....#####..
................#
..#######.####.##
#..###.## ###
##..##.## {##J#######
##....##
#{#@#....#####>.....
{
{#{#.#.....##.##.#...
#J#'#......'.##.#...
{{
#.#........).)..#...
#.#........).#####..
{{{ #(#.......##.#
#..
PPP.P.'##......#####
### ..J...# ########
######


You could see a jelly.

Vanquished Creatures
  5 gnolls
  A worm (D:2)
  3 endoplasms
  3 giant cockroaches (D:1)
  4 goblins
  3 hobgoblins
  2 jackals (D:1)
  15 kobolds
  3 ball pythons
  3 bats (D:1)
  3 frilled lizards (D:1)
  3 rats
48 creatures vanquished.

Vanquished Creatures (others)
  4 plants (D:1)
  14 toadstools
18 creatures vanquished.

Grand Total: 66 creatures vanquished

Notes
Turn   | Place    | Note
-------+----------+-------------------------------------------
     0 | Abyss:1  | emagee the Formicid Abyssal Knight began the quest for the
                  | Orb.
     0 | Abyss:1  | Reached XP level 1. HP: 18/18 MP: 2/2
     1 | D:1      | Escaped the Abyss
   279 | D:1      | Reached XP level 2. HP: 24/24 MP: 3/3
   337 | D:1      | Reached skill level 3 in Axes
   561 | D:1      | Reached XP level 3. HP: 27/29 MP: 4/4
  1063 | D:1      | Reached *** piety under Lugonu
  1464 | D:2      | Reached skill level 4 in Axes
  1464 | D:2      | Reached XP level 4. HP: 24/35 MP: 5/5
  2026 | D:2      | Reached XP level 5. HP: 40/41 MP: 6/6
  2088 | D:2      | Splashed by a jelly's acid

Illustrated notes

Levels and vault maps discovered:
D:1:      ldierk_walled_garden, layout_basic, dreamdust_princess_corridor,
          minmay_misc_feat_hallway, grunt_decor_clamped,
          hangedman_abyss_or_decor_lesser_grid, minmay_cut_off
D:2:      cheibrodos_fertilizer, layout_basic,
          ebering_ecumenical_altar_sacrificial

Skill      XL: |  1  2  3 |
---------------+----------+-----
Axes           | 3 4 |  4.8
Fighting       | |  3.2
Armour         | |  2.1
Dodging        | |  0.8
Invocations    | |  2.1

Action                   |  1- 3 |  4- 6 || total
-------------------------+-------+-------++-------
Melee: Hand axe          |   100 |    40 ||   140
Throw: Javelin           |       |    10 ||    10
Armor: Leather armour    |    12 |       ||    12
       Ring mail         |    29 |    13 ||    42
Dodge: Dodged            |    51 |    18 ||    69
